 Dungeon Crawl Stone Soup version 0.31-a0-263-ge8cad7f (webtiles) character file.

Game seed: 733979000398280659

696 BingusPrime the Sneak (level 7, -3/48 HPs)
             Began as an Octopode Shapeshifter on July 13, 2023.
             Was a Follower of Okawaru.
             Hit by a boomerang thrown by an orc warrior (9 damage)
             ... on level 5 of the Dungeon.
             The game lasted 00:09:21 (3914 turns).

BingusPrime the Sneak (Octopode Shapeshifter)       Turns: 3914, Time: 00:09:22

Health: -3/48      AC:  5    Str: 14    XL:     7   Next: 64%
Magic:  7/7        EV: 14    Int: 10    God:    Okawaru [*.....]
Gold:   247        SH:  0    Dex: 15    Spells: 6/6 levels left

rFire   . .          .
                       - Unarmed
rCold   . . .        p - +0 buckler
rNeg    . . .        (helmet currently unavailable)
rPois   .            e - amulet of reflection
rElec   .            n - +4 ring of protection
rCorr   .            (no ring)
SInv    .            (no ring)
Will    .....        (no ring)
Stlth   ++           (no ring)
HPRegen 0.28/turn    (no ring)
MPRegen 0.10/turn    (no ring)
                     (no ring)

%: reflection
@: confused, beast-form
A: beast (slay +3), almost no armour, amphibious, 8 rings, camouflage 1,
gelatinous body 1, (nimble swimmer 1), tentacles
a: Begin Untransformation, Renounce Religion, Heroism


You were on level 5 of the Dungeon.
You worshipped Okawaru.
Okawaru was aware of your devotion.
You were a hulking beast.
You visited 2 branches of the dungeon, and saw 6 of its levels.

You collected 247 gold pieces.

Inventory:

Armour
 p - a +0 buckler (worn)
Jewellery
 e - an amulet of reflection (around mantle)
 k - an amulet of magic regeneration
 n - a +4 ring of protection (left tentacle)
Talismans
 b - a beast talisman
Scrolls
 d - 5 scrolls of identify {unknown}
 f - 4 scrolls of poison {unknown}
 h - a scroll of enchant weapon {unknown}
 i - 2 scrolls of fear {unknown}
 j - 4 scrolls of teleportation {unknown}
 o - a scroll of immolation {unknown}
 u - a scroll of blinking {unknown}
 w - a scroll of revelation {unknown}
Potions
 a - 2 potions of lignification
 c - a potion of haste {unknown}
 g - a potion of magic {unknown}
 l - 4 potions of curing {unknown}
 m - a potion of brilliance {unknown}
 q - a potion of degeneration {unknown}
 r - a potion of heal wounds {unknown}
 s - 2 potions of attraction {unknown}
 t - a potion of ambrosia {unknown}
 v - a potion of berserk rage {unknown}


   Skills:
 + Level 4.1 Fighting
 + Level 4.1 Dodging
 + Level 4.6 Stealth
 + Level 4.0 Unarmed Combat
 + Level 4.3 Shapeshifting


You had 6 spell levels left.
You didn't know any spells.
Your spell library contained the following spells:

 Spells                   Type           Power      Damage    Failure   Level
 Poisonous Vapours        Pois/Air       0%         N/A       61%         2
 Mephitic Cloud           Conj/Pois/Air  0%         N/A       83%         3
 Freezing Cloud           Conj/Ice/Air   0%         6-21      100%        5


Dungeon Overview and Level Annotations

Branches:
Dungeon (5/15)             Temple (1/1) D:4

Altars:
Ashenzari
Dithmenos
Fedhas
Gozag
Hepliaklqana
Kikubaaqudgha
Nemelex Xobeh
Okawaru
Ru
Sif Muna
Trog
Uskayaw
Wu Jian
Yredelemnul

Shops:
D:1 [


Innate Abilities, Weirdness & Mutations

You are a hulking beast.
Your limbs bulge with bestial killing power. (Slay +3)
You cannot wear most types of armour.
You are amphibious.
You can wear up to eight rings at the same time.
Your skin changes colour to match your surroundings (Stealth+).
Your rubbery body absorbs attacks. (AC +1, EV +1)
((You are camouflaged when in or above water. (Stealth+)))
You have tentacles for arms and can constrict up to eight enemies at once.


Message History

Okawaru accepts your kill.
The orc warrior throws a boomerang.
The boomerang barely misses you. The white imp gestures at you.
The puff of frost hits you!
An orc comes into view. It is wielding a +0 mace.
The orc wizard casts a spell.
The orc wizard flickers and vanishes!
The orc warrior barely misses you.
You hear an angry hiss.
Things that are here:
a +0 short sword; an orc corpse The orc shouts!
You tentacle-slap the white imp but do no damage.
You grab the white imp.
You constrict the white imp, but do no damage.
An iguana comes into view.
The white imp misses you.
The orc warrior throws a boomerang.
You block the boomerang with an invisible shield... and reflect it back!
The boomerang hits the white imp!
You tentacle-slap the white imp but do no damage.
You squeeze the white imp.
You kill the white imp!
Okawaru accepts your kill. The orc warrior barely misses you.
You closely miss something.
A magic dart appears from out of thin air!
The magic dart hits you!
The orc warrior throws a boomerang.
The boomerang misses you.
The orc warrior throws a boomerang.
You tentacle-slap something. Something hits you.
You barely miss something.
You hear some strange, mumbled words.
A magic dart appears from out of thin air!
The magic dart hits you.
The orc warrior hits you from afar with a +0 halberd!!
* * * LOW HITPOINT WARNING * * *
You tentacle-slap something but do no damage.
You hear some strange, mumbled words.
You are confused.
The orc warrior throws a boomerang.
The boomerang hits you!
You die...

...... #.#.#.#.... .
..#.#. #........##.#
......##.#.#.#......
................##.# .#
#.....o..#.#.#..##.## #.
##.###............. .
..?......###....##.# .#
.)..####o####.#.##.##.#.##
.# #.{h..............#
######.####..##.#.. #.#
#..# #.# #..# #.#
#..####### #.# #.........
#.# #.######## ..# #.# ###
#.#


You could see an orc warrior.

Vanquished Creatures
  A black bear (D:5)
  An ogre (D:4)
  A phantom (D:4)
  An elf zombie (D:4)
  3 scorpions
  2 human zombies (D:4)
  A human skeleton (D:4)
  5 adders
  A white imp (D:5)
  3 dart slugs
  A worm (D:2)
  2 orcs (D:5)
  4 ball pythons
  4 endoplasms
  3 giant cockroaches
  2 goblins
  4 hobgoblins
  9 jackals
  4 quokkas
  3 bats
  3 frilled lizards (D:2)
  5 kobolds
  2 orc skeletons (D:4)
  5 rats
70 creatures vanquished.

Vanquished Creatures (others)
  A kobold (D:3)
1 creature vanquished.

Grand Total: 71 creatures vanquished

Notes
Turn   | Place    | Note
-------+----------+-------------------------------------------
     0 | D:1      | BingusPrime the Octopode Shapeshifter began the quest for
                  | the Orb.
     0 | D:1      | Reached XP level 1. HP: 14/14 MP: 1/1
    99 | D:1      | Found Apluch's Armour Shoppe.
   197 | D:1      | Reached XP level 2. HP: 19/19 MP: 2/2
   973 | D:2      | Reached XP level 3. HP: 23/25 MP: 3/3
  1666 | D:3      | Reached skill level 1 in Stealth
  1879 | D:3      | Found a faded altar of an unknown god.
  2182 | D:3      | Reached XP level 4. HP: 30/30 MP: 4/4
  2566 | D:4      | Noticed a phantom
  2596 | D:4      | Killed a phantom
  2597 | D:4      | Reached XP level 5. HP: 23/36 MP: 5/5
  2653 | D:4      | Found a staircase to the Ecumenical Temple.
  2683 | Temple   | Entered the Ecumenical Temple
  3271 | Temple   | Became a worshipper of Warmaster Okawaru
  3300 | D:4      | Noticed an ogre
  3310 | D:4      | Killed an ogre
  3311 | D:4      | Reached XP level 6. HP: 42/42 MP: 6/6
  3371 | D:4      | Reached * piety under Okawaru
  3620 | D:4      | Reached XP level 7. HP: 43/47 MP: 7/7
  3704 | D:4      | Found a sacrificial altar of Ru.
  3800 | D:5      | Entered Level 5 of the Dungeon
  3914 | D:5      | Hit by a boomerang thrown by an orc warrior

Illustrated notes

Levels and vault maps discovered:
D:1:      lightli_arrival_maybe_door_vault, layout_basic, serial_shops,
          nicolae_shop_tiny_statue_garden, st_stairs_12
D:2:      layout_basic, st_stairs_4
D:3:      wad_lake_hut, layout_basic, basic_ecumenical_altar
D:4:      layout_rooms, nicolae_ru_path_of_blood, minmay_temple_entry_grid,
          nicolae_ossuary_entry_catacombs, small_statue_intersection
D:5:      layout_loops_ring, serial_glass, glass_columns_b, glass_columns_c,
          feat_on_display, minmay_strange_pillars, feat_on_display,
          eino_tiny_chamber, hangedman_abyss_or_decor_lesser_grid,
          amcnicky_mini_rare_corridor_liquid, minivault_5, minmay_ogre_servants
Temple:   oiseaux_autumnal_temple

Skill      XL: |  1  2  3  4  5  6  7 |
---------------+----------------------+-----
Stealth        | 1 2 3 4 |  4.6
Fighting       | 3 4 |  4.1
Dodging        | 3 4 |  4.1
Unarmed Combat | 3 4 |  4.0
Shapeshifting  | 4 |  4.3

Action                     |  1- 3 |  4- 6 |  7- 9 || total
---------------------------+-------+-------+-------++-------
  Melee: Unarmed           |    82 |    68 |    28 ||   178
         Constrict         |    20 |    11 |     8 ||    39
         Tentacles         |    12 |    17 |     6 ||    35
         Punch             |     1 |     2 |     1 ||     4
   Stab: Sleeping          |    10 |     6 |     3 ||    19
 Armour: Skin              |    10 |    10 |     1 ||    21
  Dodge: Dodged            |    30 |    24 |    14 ||    68
  Block: Other             |    11 |       |       ||    11
         Buckler           |    15 |    13 |    10 ||    38
         Reflection        |     2 |     1 |     1 ||     4

Table legend: (Time is in decaauts)
 A = Elapsed time spent in this place.
 B = Non-inter-level travel time spent in this place.
 C = Inter-level travel time spent in this place.
 D = Time resting spent in this place.
 E = Time spent auto-exploring this place.
 F = Levels seen in this place.
 G = Mean time per level.
                   A        B        C        D        E       F      G
               +--------+--------+--------+--------+--------+-----+--------+
         Total |   3908 |   3506 |    402 |      0 |   2786 |   6 |  651.3 |
       Dungeon |   3303 |   3114 |    189 |      0 |   2588 |   5 |  660.6 |
        Temple |    604 |    391 |    213 |      0 |    198 |   1 |  604.0 |
               +--------+--------+--------+--------+--------+-----+--------+

Top non-repeatable levels by time:
     D:2: 1021 daAuts
     D:3: 871 daAuts
     D:4: 659 daAuts
     D:1: 638 daAuts
  Temple: 604 daAuts
     D:5: 113 daAuts
